 Dungeon Crawl Stone Soup version 0.29.0-15-g675c0067aa (webtiles) character file.

Game seed: 12982684775286157312

369 Flure the Sneak (level 7, 0/42 HPs)
             Began as a Kobold Brigand on Sept 11, 2022.
             Splashed by a jelly's acid (7 damage)
             ... on level 4 of the Dungeon.
             The game lasted 00:04:46 (3732 turns).

Flure the Sneak (Kobold Brigand)                    Turns: 3732, Time: 00:04:47

Health: 0/42       AC: -5    Str:  8    XL:     7   Next: 1%
Magic:  7/7        EV: 16    Int: 13    God:
Gold:   106        SH:  0    Dex: 18    Spells: 6/6 levels left

rFire   + . .      SeeInvis .   t - +2 dagger (holy)
rCold   . . .      Faith    .   (no shield)
rNeg    . . .      Spirit   .   b - +0 robe
rPois   .          Reflect  .   (no helmet)
rElec   .          Harm     .   c - +0 cloak
rCorr   .          Rampage  .   (no gloves)
Will    .....                   (no boots)
Stlth   +++.......              (no amulet)
HPRegen 0.14/turn               j - ring of protection from fire
MPRegen 0.10/turn               (no ring)

@: confused, ambrosia-drunk, corroded
A: small, no large weapons, nightstalker 3
a: no special abilities


You were on level 4 of the Dungeon.
You visited 1 branch of the dungeon, and saw 4 of its levels.

You collected 106 gold pieces.

Inventory:

Hand Weapons
 g - a +2 dagger
 t - a +2 dagger of holy wrath (weapon)
Missiles
 a - 2 boomerangs
 d - 16 poisoned darts (quivered)
 e - 3 curare-tipped darts
Armour
 b - a +0 robe (worn)
 c - a +0 cloak (worn)
 r - a +0 buckler
Jewellery
 j - a ring of protection from fire (left hand)
Wands
 h - a wand of flame (14)
Scrolls
 i - a scroll of noise
 l - a scroll of vulnerability
 m - a scroll of enchant armour
 q - a scroll of enchant weapon {unknown}
 s - a scroll of teleportation {unknown}
Potions
 f - a potion of curing
 n - a potion of resistance {unknown}
 o - 2 potions of might {unknown}
 p - a potion of degeneration {unknown}
 u - a potion of flight {unknown}
 v - a potion of heal wounds {unknown}


   Skills:
 + Level 3.9 Fighting
 + Level 4.6 Short Blades
 + Level 3.9 Throwing
 + Level 3.5 Dodging
 + Level 6.7 Stealth


You had 6 spell levels left.
You didn't know any spells.
Your spell library contained the following spells:

 Spells                   Type           Power      Damage    Failure   Level
 Ozocubu's Armour         Ice            0%         N/A       67%         3
 Summon Guardian Golem    Hex/Summ       0%         N/A       67%         3
 Metabolic Englaciation   Hex/Ice        0%         N/A       100%        5
 Summon Forest            Summ/Tloc      0%         N/A       100%        5
 Eringya's Noxious Bog    Tmut/Pois      0%         N/A       100%        6
 Simulacrum               Ice/Necr       0%         N/A       100%        6
 Orb of Destruction       Conj           0%         9d5       100%        7
 Spellforged Servitor     Conj/Summ      0%         N/A       100%        7
 Summon Hydra             Summ           0%         N/A       100%        7


Dungeon Overview and Level Annotations

Branches:
Dungeon (4/15)
 Temple: D:4-7

Altars:
Okawaru

Annotations:
D:3 2 transporters, Grinder


Innate Abilities, Weirdness & Mutations

You are small and have problems with some larger weapons.
You are completely attuned to the shadows.


Message History

The quokka closely misses you.
You closely miss the quokka. The quokka closely misses you.
You closely miss the quokka. The quokka closely misses you.
You hit the quokka.
The quokka is moderately wounded.
The quokka bites you.
You closely miss the quokka.
The quokka is moderately wounded.
The quokka bites you.
You hit the quokka.
The quokka is severely wounded.
The quokka bites you.
You hit the quokka.
The quokka is almost dead.
You hit the quokka.
You kill the quokka!
Unknown command.
You see here a +0 leather armour.
There is an open door here.
There is an open door here.
A jelly comes into view.
A jelly is nearby!
Found a book of the Hunter.
The jelly quivers.
The jelly hits you.
You are splashed with acid!
You hit the jelly. The acid corrodes you!
Your hands burn!
The jelly is heavily wounded.
The jelly misses you.
You hit the jelly.
Your hands burn!
The jelly is severely wounded.
The jelly hits you.
You are splashed with acid!
You hit the jelly.
Your hands burn!
The jelly is severely wounded.
The jelly hits you. The acid corrodes you!
You are splashed with acid!
* * * LOW HITPOINT WARNING * * *
You are confused.
You feel invigorated. The jelly hits you.
* * * LOW HITPOINT WARNING * * *
You are splashed with acid!
You die...

### .^. #...# ...
### .... # #.#
#..##.# #.# #...:.#
#.# #.##### ##'##
#.#J@..# ##...##
##.###.# ##.....##
####..# ##.......##
##...####.........#
#.......'.........'
##...####.........#
##..## ##.......##
##..# ##.....##
##.# ##...##


You could see a jelly.

Vanquished Creatures
  A scorpion (D:4)
  A hound (D:4)
  Ijyb (D:4)
  Jessica (D:3)
  An orc wizard (D:4)
  4 adders (D:2)
  8 gnolls
  An ufetubus (D:4)
  2 worms
  10 orcs
  5 endoplasms
  5 giant cockroaches
  9 goblins
  3 hobgoblins
  10 kobolds
  2 quokkas
  4 ball pythons
  4 bats
  4 frilled lizards (D:1)
  5 rats
81 creatures vanquished.

Notes
Turn   | Place    | Note
-------+----------+-------------------------------------------
     0 | D:1      | Flure the Kobold Brigand began the quest for the Orb.
     0 | D:1      | Reached XP level 1. HP: 12/12 MP: 1/1
    78 | D:1      | Reached XP level 2. HP: 18/18 MP: 2/2
   246 | D:1      | Reached XP level 3. HP: 15/22 MP: 3/3
   786 | D:2      | Reached XP level 4. HP: 27/27 MP: 4/4
  1375 | D:3      | Reached skill level 6 in Stealth
  1375 | D:3      | Reached XP level 5. HP: 32/32 MP: 5/5
  1711 | D:3      | Found an iron altar of Okawaru.
  1849 | D:3      | Found a faded altar of an unknown god.
  2213 | D:3      | Found a transporter.
  2226 | D:3      | Found a transporter.
  2247 | D:3      | Noticed Jessica
  2255 | D:3      | Killed Jessica
  2256 | D:3      | Reached XP level 6. HP: 33/37 MP: 6/6
  2312 | D:3      | Noticed Grinder
  2312 | D:3      | Paralysed by Grinder for 4 turns
  2334 | D:3      | Paralysed by Grinder for 3 turns
  2343 | D:3      | HP: 1/37 [Grinder (5)]
  2716 | D:4      | Noticed Ijyb
  2718 | D:4      | Killed Ijyb
  3241 | D:4      | Reached XP level 7. HP: 29/42 MP: 7/7
  3732 | D:4      | Splashed by a jelly's acid

Illustrated notes

Levels and vault maps discovered:
D:1:      roderic_dead_forest, layout_rooms, st_stairs_1
D:2:      layout_rooms
D:3:      layout_basic, lemuel_doored_altar, okawaru_altar_gauntlet_db,
          ebering_ecumenical_altar_mist, gammafunk_ghost_abyssal_escape,
          uniq_jessica, uniq_grinder
D:4:      layout_loops_corners, grunt_dithmenos_smoke, gammafunk_ghost_cemetery,
          minmay_misc_feat_plants, uniq_ijyb

Skill      XL: |  1  2  3  4  5 |
---------------+----------------+-----
Short Blades   | 3 4 |  4.6
Dodging        | 2 3 |  3.5
Throwing       | 3 |  3.9
Fighting       | 3 |  3.9
Stealth        | 6 |  6.7

Action                   |  1- 3 |  4- 6 |  7- 9 || total
-------------------------+-------+-------+-------++-------
Melee: Dagger            |    39 |   164 |    31 ||   234
       Punch             |       |     2 |       ||     2
Throw: Dart              |     3 |    19 |       ||    22
       Boomerang         |       |     2 |       ||     2
  Use: Scroll            |       |     4 |       ||     4
       Potion            |       |     1 |     1 ||     2
 Stab: Sleeping          |    22 |    20 |     1 ||    43
Armor: Robe              |     6 |    24 |     3 ||    33
Dodge: Dodged            |    12 |   106 |    19 ||   137
